 Dungeon Crawl Stone Soup version 0.20.0-15-g7f486f2 (webtiles) character file.

4869 kuniqs the Skirmisher (level 10, 0/53 HPs)
             Began as a Vine Stalker Fighter on June 10, 2017.
             Was a Follower of Uskayaw.
             Slain by a wight
             ... wielding a +6 long sword of freezing
              (7 damage)
             ... on level 9 of the Dungeon.
             The game lasted 00:09:57 (7123 turns).

kuniqs the Skirmisher (Vine Stalker Fighter)        Turns: 7123, Time: 00:09:58

Health: 0/53       AC: 14    Str: 22    XL:     10   Next: 50%
Magic:  0/14       EV:  7    Int:  8    God:    Uskayaw [*.....]
Gold:   578        SH: 11    Dex: 14    Spells: 9/9 levels left

rFire    . . .     SeeInvis .   x - +2 short sword (venom)
rCold    . . .     Gourm    .   c - +0 shield
rNeg     . . .     Faith    .   I - +0 plate armour
rPois    +         Spirit   +   (no helmet)
rElec    .         Reflect  .   q - +1 cloak
rCorr    .         Harm     .   (no gloves)
MR       ++...                  (no boots)
Stlth    ..........             r - amulet of rage
Regen    0.6/turn               j - ring of protection from magic
MPRegen  0.2/turn               n - ring of poison resistance

@: drained
A: fangs 3, regeneration 1, magic shield, antimagic bite, no potion heal 3, rot
immunity
a: Stomp, Renounce Religion, Evoke Berserk Rage


You were on level 9 of the Dungeon.
You worshipped Uskayaw.
Uskayaw was noncommittal.
You were not hungry.

You visited 2 branches of the dungeon, and saw 11 of its levels.

You collected 578 gold pieces.

Inventory:

Hand Weapons
 x - a +2 short sword of venom (weapon)
Missiles
 h - 5 throwing nets (quivered)
Armour
 c - a +0 shield (worn)
 q - a +1 cloak (worn)
 I - a +0 plate armour (worn)
Jewellery
 j - a ring of protection from magic (left hand)
 n - a ring of poison resistance (right hand)
 r - an amulet of rage (around neck)
 w - an uncursed ring of protection from magic
 C - an uncursed ring of fire
Wands
 a - a wand of lightning (2/15)
 b - a wand of lightning (8/15)
 E - a wand of iceblast (7/15)
Scrolls
 g - 2 scrolls of enchant armour
 i - 2 scrolls of recharging
 k - 4 scrolls of enchant weapon
 l - a scroll of teleportation
 m - 10 scrolls of remove curse {@r2}
 o - 2 scrolls of immolation
 t - 2 scrolls of blinking
 y - a scroll of identify {@r1}
 D - a scroll of fear
 F - a scroll of magic mapping
Potions
 p - 4 potions of agility
 u - 2 potions of mutation
 v - 2 potions of curing {@q1}
 z - 3 potions of lignification
 A - a potion of brilliance
 B - 4 potions of might
 G - 2 potions of haste
Comestibles
 d - 12 bread rations
 e - 8 meat rations
 f - 7 fruits
 s - 4 royal jellies


   Skills:
 + Level 6.5(6.4) Fighting
 + Level 6.1 Short Blades
 + Level 5.8 Armour
 + Level 5.0(4.9) Dodging
 + Level 6.4(6.3) Shields
 + Level 5.0(4.9) Invocations


You had 9 spell levels left.
You didn't know any spells.

Dungeon Overview and Level Annotations

Branches:
Dungeon (10/15)            Temple (1/1) D:5
   Lair: D:8-11         Orc: D:9-12

Altars:
Elyvilon
Hepliaklqana
Kikubaaqudgha
Nemelex Xobeh
Okawaru
Qazlal
Ru
Uskayaw
Zin
The Shining One
Beogh

Shops:
D:6 %

Annotations:
D:7 exclusion: 2 upstairs


Innate Abilities, Weirdness & Mutations

You have razor-sharp teeth.
Your natural rate of healing is unusually fast.
When hurt, damage is shared between your health and your magic reserves.
Your bite disrupts and absorbs the magic of your enemies.
Potions cannot restore your health.
You are immune to rotting.


Message History

You block the wight's attack.
There is an open door here.
You fail to use your ability.
The wight barely misses you. You block the crocodile's attack.
You block the wight's attack. The crocodile bites you!
You fail to use your ability.
You block the crocodile's attack. You block the wight's attack.
You fail to use your ability.
You feel yourself speed up. The crocodile barely misses you.
The wight hits you with a long sword of freezing.
The wight freezes you.
* * * LOW HITPOINT WARNING * * *
The crocodile bites you!
* * * LOW HITPOINT WARNING * * *
You can no longer pass through a line of other dancers.
You closely miss the crocodile.
You bite the crocodile, but do no damage.
The wight hits you with a long sword of freezing!
You die...

#.....[..).###)....#..##.###.#.#
#.....####...))....'.###.#...#..
#..[[[# #####[....### #.#.#####
#....[# #.....# #...#...# ####(##
#.....# #####.### #.## #...(.#
#........ #..# ###'### ###.#####
#####.## #tz# #!.## ##...<..#
####@###### ##..# ........#
#(........# #####.### .#......###
#.........# #........ .#.....[..#
#.........# #........ .#......#.#
#.........###........ .#......#.#
#.......(.#.......... ##....).#.#
#.........'.#........
##......#.###.........###........
#......#...'.........# #........


You could see a crocodile and a wight.

Vanquished Creatures
  A two-headed ogre (D:9)
  A guardian serpent (D:9)
  Prince Ribbit (D:6)
  A wraith (D:9)
  A vampire (D:9)
  2 orc warriors
  7 sky beasts
  2 ice beasts
  4 ogres
  2 black bears (D:8)
  A necrophage (D:4)
  5 centaurs
  A big kobold (D:7)
  3 bullfrogs
  A scorpion (D:7)
  A water moccasin skeleton (D:7)
  A wight (D:6)
  A quasit (D:8)
  3 bullfrog skeletons
  A bullfrog zombie (D:6)
  2 hounds
  4 orc priests
  4 iguanas
  4 jellies
  4 orc wizards
  5 worker ants
  A hound skeleton (D:6)
  A howler monkey skeleton (D:4)
  6 adders
  4 gnolls (D:7)
  2 shadow imps
  An ooze (D:3)
  An adder skeleton (D:7)
  An adder zombie (D:5)
  2 worms
  2 dart slugs
  4 leopard geckos
  26 orcs
  8 bats
  4 giant cockroaches
  3 goblins
  5 hobgoblins
  12 jackals
  2 quokkas
  A ball python (D:1)
  5 frilled lizards
  10 kobolds
  A quokka zombie (D:5)
  10 rats
175 creatures vanquished.

Vanquished Creatures (others)
  A bullfrog skeleton (D:10)
1 creature vanquished.

Grand Total: 176 creatures vanquished

Notes
Turn   | Place    | Note
-------+----------+-------------------------------------------
     0 | D:1      | kuniqs the Vine Stalker Fighter began the quest for the Orb.
     0 | D:1      | Reached XP level 1. HP: 11/11 MP: 2/2
   151 | D:1      | Reached XP level 2. HP: 16/16 MP: 3/3
   709 | D:2      | Reached XP level 3. HP: 20/20 MP: 4/4
  1189 | D:2      | Found a sacrificial altar of Ru.
  1189 | D:2      | Found a hazy altar of Hepliaklqana.
  1512 | D:2      | Gained mutation: Your natural rate of healing is unusually fast. [Vine Stalker growth]
  1512 | D:2      | Reached XP level 4. HP: 8/24 MP: 3/5
  1664 | D:3      | Reached skill level 1 in Dodging
  1733 | D:3      | Found a stormy altar of Qazlal.
  1807 | D:3      | Found a roughly hewn altar of Beogh.
  1812 | D:3      | Reached XP level 5. HP: 7/28 MP: 2/6
  1921 | D:3      | Found a sparkling altar of Nemelex Xobeh.
  2139 | D:4      | Reached XP level 6. HP: 32/33 MP: 7/7
  2158 | D:4      | Noticed a necrophage
  2170 | D:4      | Killed a necrophage
  2777 | D:5      | Entered Level 5 of the Dungeon
  2979 | D:5      | Noticed an ice beast
  2988 | D:5      | Killed an ice beast
  2988 | D:5      | Reached XP level 7. HP: 31/37 MP: 6/8
  3131 | D:5      | Found a staircase to the Ecumenical Temple.
  3156 | D:5      | Found an iron altar of Okawaru.
  3182 | Temple   | Entered the Ecumenical Temple
  3193 | Temple   | Became a worshipper of Uskayaw the Reveler
  3432 | D:5      | Reached * piety under Uskayaw
  3510 | D:6      | Reached ** piety under Uskayaw
  3711 | D:6      | Found Lurenlei's Food Boutique.
  4144 | D:7      | Reached *** piety under Uskayaw
  4156 | D:6      | Noticed Prince Ribbit
  4162 | D:6      | Killed Prince Ribbit
  4162 | D:6      | Reached skill level 1 in Invocations
  4162 | D:6      | Gained mutation: You have razor-sharp teeth. [Vine Stalker growth]
  4162 | D:6      | Reached XP level 8. HP: 19/42 MP: 5/9
  4242 | D:6      | Reached **** piety under Uskayaw
  4244 | D:6      | Reached skill level 5 in Fighting
  4248 | D:6      | Reached ***** piety under Uskayaw
  4270 | D:6      | Noticed a vampire
  4452 | D:7      | Reached skill level 5 in Shields
  4458 | D:7      | Reached XP level 9. HP: 47/47 MP: 10/12
  4506 | D:7      | Reached skill level 5 in Short Blades
  4879 | D:6      | Noticed a cyclops
  5003 | D:7      | Reached skill level 5 in Armour
  5702 | D:8      | Found a glowing golden altar of the Shining One.
  6312 | D:9      | Reached XP level 10. HP: 53/53 MP: 14/14
  6867 | D:9      | Noticed a guardian serpent
  6879 | D:9      | Killed a guardian serpent
  7006 | D:10     | Entered Level 10 of the Dungeon
  7063 | D:9      | Noticed a two-headed ogre
  7086 | D:9      | Killed a two-headed ogre
  7118 | D:9      | Reached skill level 5 in Dodging
  7118 | D:9      | Reached skill level 5 in Invocations
  7123 | D:9      | Slain by a wight

Skill      XL: |  1  2  3  4  5  6  7  8  9 10 |
---------------+-------------------------------+-----
Short Blades   | 2 3 4 5 6 |  6.1
Fighting       | 3 4 5 6 |  6.5
Shields        | 3 4 5 6 |  6.4
Dodging        | 1 2 3 4 5 |  5.0
Armour         | 3 4 5 |  5.8
Invocations    | 1 2 4 5 |  5.0

Action                   |  1- 3 |  4- 6 |  7- 9 | 10-12 || total
-------------------------+-------+-------+-------+-------++-------
Melee: Rapier            |   106 |     3 |       |       ||   109
       Bite              |    26 |    39 |    99 |    35 ||   199
       Short sword       |       |   114 |   265 |    87 ||   466
 Abil: Evoke Berserk Rag |       |       |     1 |     1 ||     2
Evoke: Wand              |       |     5 |     3 |       ||     8
  Use: Scroll            |       |    15 |     3 |     5 ||    23
       Potion            |       |       |       |     1 ||     1
 Stab: Paralysed         |       |       |    12 |       ||    12
  Eat: Chunk             |     2 |     5 |    10 |     3 ||    20
       Royal jelly       |       |       |       |     1 ||     1
Armor: Scale mail        |    33 |    25 |       |       ||    58
       Chain mail        |       |    14 |   104 |       ||   118
       Plate armour      |       |       |    14 |    21 ||    35
Dodge: Dodged            |    33 |    25 |    71 |    17 ||   146
Block: Shield            |    57 |    55 |   114 |    39 ||   265
